 Dungeon Crawl Stone Soup version 0.21-a0-94-gdd6ab6a (webtiles) character file.

68 p0werm0de the Slasher (level 4, -1/31 HPs)
             Began as a Halfling Chaos Knight on July 3, 2017.
             Slain by Terence the sky beast (shapeshifter) (2 damage)
             ... on level 2 of the Dungeon.
             The game lasted 00:03:30 (655 turns).

p0werm0de the Slasher (Halfling Chaos Knight)        Turns: 655, Time: 00:03:31

Health: -1/31      AC:  5    Str: 11 (13) XL:     4   Next: 41%
Magic:  4/4        EV: 13    Int: 10      God:    Xom [....*.]
Gold:   35         SH:  0    Dex: 12 (14) Spells: 3/3 levels left

rFire    . . .     SeeInvis .   a - +0 falchion (chaos)
rCold    . . .     Gourm    .   (shield restricted)
rNeg     . . .     Faith    .   b - +2 leather armour
rPois    +         Spirit   .   (no helmet)
rElec    .         Reflect  .   (no cloak)
rCorr    .         Harm     .   (no gloves)
MR       .....                  (no boots)
Stlth    +.........             (no amulet)
HPRegen  0.10/turn              n - ring of poison resistance
MPRegen  0.09/turn              (no ring)

@: no status effects
A: mutation resistance 1
a: Renounce Religion


You were on level 2 of the Dungeon.
You worshipped Xom.
You were a beloved toy of Xom.
You were not hungry.

You visited 1 branch of the dungeon, and saw 2 of its levels.

You collected 35 gold pieces.

Inventory:

Hand Weapons
 a - a +0 falchion of chaos (weapon)
Armour
 b - a +2 leather armour (worn)
Jewellery
 n - a ring of poison resistance (left hand)
Scrolls
 g - a scroll of magic mapping {unknown}
 k - a scroll of fear {unknown}
 l - a scroll of teleportation {unknown}
 m - a scroll of identify {unknown}
Potions
 d - a potion of lignification
 j - a potion of haste
Comestibles
 c - 3 bread rations
 f - 5 chunks of flesh
 h - a meat ration
 i - a royal jelly
 o - 4 fruits


   Skills:
 + Level 3.4 Fighting
 * Level 4.2 Long Blades
 - Level 2.1 Armour
 - Level 1.1 Dodging


You had 3 spell levels left.
You didn't know any spells.

Dungeon Overview and Level Annotations

Branches:
Dungeon (2/15)

Altars:

Annotations:
D:2 Terence


Innate Abilities, Weirdness & Mutations

You are small and have problems with some larger weapons.
You are somewhat resistant to further mutation.


Message History

You barely miss Terence. Terence hits you but does no damage.
You hit Terence but do no damage. Terence barely misses you.
You riposte.
You completely miss Terence. You hit Terence.
Terence is poisoned.
Terence is lightly wounded.
You feel less wooden.
Your +2 leather armour unmelds from your body.
Terence flickers out of sight!
Deactivating autopickup; reactivate with Ctrl-A.
Something hits you.
* * * LOW HITPOINT WARNING * * *
Something shocks you.
* * * LOW HITPOINT WARNING * * *
Okay, then.
As you read the scroll labeled TYXEVV QERYMP, it crumbles to dust.
It is a scroll of recharging.
You aren't carrying any rechargeable items.
Something hits you.
You die... "Huh?
Did I miss anything?"

######## ####......#
.....P..P.# ...≈≈.....#
..P≈≈≈.P..#
.P≈≈≈≈≈P{.#########
?≈≈≈≈≈≈@..........##
≈≈≈≈≈≈≈)P##........##
≈≈≈≈≈≈≈≈.#..........#
≈≈≈≈≈≈≈%.#..........#
≈≈≈≈≈≈≈.P#.......[..#
..≈≈≈≈..............#
...≈≈.PP............# #
.....PP..##........## ##
#####
###..##.##..........#...


There were no monsters in sight!

Vanquished Creatures
  An adder (D:2)
  A gnoll (D:1)
  2 oozes (D:2)
  A leopard gecko (D:1)
  A ball python (D:1)
  4 giant cockroaches
  A giant cockroach (shapeshifter) (D:1)
  8 goblins
  2 hobgoblins (D:1)
  2 jackals (D:2)
  A bat (D:1)
  4 frilled lizards
  8 kobolds
  6 rats
42 creatures vanquished.

Notes
Turn   | Place    | Note
-------+----------+-------------------------------------------
     0 | D:1      | p0werm0de the Halfling Chaos Knight began the quest for the Orb.
     0 | D:1      | Reached XP level 1. HP: 15/15 MP: 1/1
   110 | D:1      | Reached XP level 2. HP: 8/20 MP: 2/2
   142 | D:1      | Reached skill level 3 in Fighting
   345 | D:1      | Reached XP level 3. HP: 26/26 MP: 3/3
   427 | D:1      | XOM: harmless Erth miscast
   446 | D:2      | XOM: cast spell 'Summon Ice Beast'
   505 | D:2      | Reached skill level 4 in Long Blades
   505 | D:2      | Reached XP level 4. HP: 30/31 MP: 4/4
   613 | D:2      | Noticed Terence
   624 | D:2      | Terence changed into Terence the killer bee
   628 | D:2      | XOM: butterfly on damage
   629 | D:2      | Noticed Terence
   629 | D:2      | Terence the killer bee changed into Terence the swamp drake
   632 | D:2      | Noticed Terence
   632 | D:2      | Terence the swamp drake changed into Terence the crocodile
   635 | D:2      | XOM: blink monster(s)
   637 | D:2      | XOM: confuse monster(s)
   639 | D:2      | Noticed Terence
   639 | D:2      | Terence the crocodile changed into Terence the soldier ant
   640 | D:2      | XOM: summons friendly quasit
   649 | D:2      | Noticed Terence
   649 | D:2      | Terence the soldier ant changed into Terence the sky beast
   654 | D:2      | HP: 1/31 [something (5)]
   655 | D:2      | Slain by Terence the sky beast (shapeshifter)

Vault maps used:
D:1:      sevenhm_arrival_forest_fort_small_3, minmay_split_cup_small
D:2:      guppyfry_early_lair_pool, uniq_terence

Skill      XL: |  1  2  3 |
---------------+----------+-----
Fighting       | 3 |  3.4
Long Blades    | 4 |  4.2
Armour         | |  2.1
Dodging        | |  1.1

Action                   |  1- 3 |  4- 6 || total
-------------------------+-------+-------++-------
Melee: Falchion          |    79 |    48 ||   127
  Use: Potion            |     4 |     1 ||     5
       Scroll            |       |     1 ||     1
 Stab: Paralysed         |     2 |     1 ||     3
       Confused          |       |     1 ||     1
Armor: Leather armour    |    38 |    13 ||    51
       Skin              |       |     4 ||     4
Dodge: Dodged            |    62 |    28 ||    90
       Rpst.: Falchion   |    22 |     9 ||    31
